 Dungeon Sprint DCSS version 0.30-a0-711-gf4ac18a38d (webtiles) character file.

Game seed: 5121650890040733453

9 PLAYERX the Slasher (level 2, -1/28 HPs)
             Began as a Minotaur Monk on Jan 22, 2023.
             Was a Believer of Makhleb.
             Splashed by a jelly's acid (10 damage)
             ... in the Dungeon (Sprint VII: "The Pits").
             The game lasted 00:02:57 (258 turns).

PLAYERX the Slasher (Minotaur Monk)                  Turns: 258, Time: 00:02:58

Health: -1/28      AC:  2    Str: 15    XL:     2   Next: 3%
Magic:  1/1        EV: 13    Int:  7    God:    Makhleb [**....]
Gold:   0          SH:  0    Dex: 12    Spells: 1/1 levels left

rFire   . . .      SeeInvis .    j - +2 falchion
rCold   . . .      Faith    .    (no shield)
rNeg    . . .      Spirit   .    b - +0 robe
rPois   .          Reflect  .    (helmet restricted)
rElec   .          Harm     .    (no cloak)
rCorr   .          Rampage  .    (no gloves)
Will    .....      NoTele   +    (no boots)
Stlth   ++                       (no amulet)
HPRegen 0.24/turn                (no ring)
MPRegen 0.07/turn                (no ring)

@: no status effects
A: horns 2, retaliatory headbutt
a: Renounce Religion, Minor Destruction


You were in the Dungeon.
You worshipped Makhleb.
Makhleb was pleased with you.
You visited 1 branch

Inventory:

Hand Weapons
 j - a +2 falchion (weapon)
Missiles
 m - 10 stones (quivered)
Armour
 b - a +0 robe (worn)
Scrolls
 i - a scroll of blinking
 k - 5 scrolls of amnesia
 l - a scroll of summoning
Potions
 a - 2 potions of invisibility
 c - a potion of ambrosia
 d - a potion of curing
 e - a potion of heal wounds
 f - a potion of haste
 g - 4 potions of magic
 h - 3 potions of berserk rage


   Skills:
 + Level 4.6 Fighting
 + Level 4.6 Long Blades
 + Level 4.0 Dodging
 + Level 1.8 Stealth


You had one spell level left.
You didn't know any spells.
Your spell library was empty.

Dungeon Overview and Level Annotations

Branches:
Dungeon (1/1)

Altars:
Ashenzari
Cheibriados
Dithmenos
Elyvilon
Fedhas
Gozag
Hepliaklqana
Kikubaaqudgha
Makhleb
Nemelex Xobeh
Okawaru
Qazlal
Ru
Sif Muna
Trog
Uskayaw
Vehumet
Wu Jian
Xom
Yredelemnul
Zin
The Shining One
Jiyva
Lugonu


Innate Abilities, Weirdness & Mutations

You have a pair of horns on your head.
You reflexively headbutt those who attack you in melee.


Message History

a - 2 potions of invisibility You see here 10 stones.
k - 5 scrolls of amnesia;
l - a scroll of summoning You see here 2 scrolls of vulnerability.
You see here 10 stones.
m - 10 stones
There is an open door here.
Things that are here:
a +0 falchion; a +2 dagger
Things that are here:
a +2 mace; a +2 hand axe
Things that are here:
a +2 quarterstaff; a +2 trident
There is an open door here.
You see here a river rat corpse.
You open the door.
There is an open door here.
You open the door.
A wolf and a crimson imp come into view.
The crimson imp shouts!
There is an open door here.
A giant cockroach comes into view.
A jelly comes into view.
The giant cockroach moves out of view.
The jelly quivers.
A kobold brigand comes into view.
It is wielding a +0 short sword and quivering poisoned darts.
The crimson imp picks up a beetle and eats it.
There is an open door here.
The crimson imp blinks!
As you close the door, it creaks loudly!
You hear a slurping noise.
The jelly eats the door!
The crimson imp blinks!
There is an open door here.
There is an open door here.
The jelly attacks as you move away! The jelly hits you.
You are splashed with acid!
You slash the jelly!
Your hands burn!
Your headbutt misses the jelly.
The jelly is heavily wounded.
The jelly hits you.
You are splashed with acid!
You die...

############
#_________.#
#_________.#
#_______...#######
##########'##.....
#.?..')))'.##.....
##########.##.....
#@........†.'.....
#J#####+#####.....
#.# #..... #.#
####'# #.# #.....
#.# #..... #5#
#..... #.# #...<.
#.# #.....


You could see a jelly and a crimson imp.

Vanquished Creatures
  A river rat (D)
1 creature vanquished.

Notes
Turn   | Place    | Note
-------+----------+-------------------------------------------
     0 | D        | PLAYERX the Minotaur Monk began the quest for the Orb.
     0 | D        | Reached XP level 1. HP: 19/19 MP: 0/0
    41 | D        | Reached XP level 2. HP: 3/28 MP: 1/1
   145 | D        | Found a bloodstained altar of Trog.
   145 | D        | Found a shimmering blue altar of Sif Muna.
   145 | D        | Found a viscous altar of Jiyva.
   145 | D        | Found a hazy altar of Hepliaklqana.
   145 | D        | Found an opulent altar of Gozag.
   146 | D        | Found a glowing golden altar of the Shining One.
   146 | D        | Found a glowing silver altar of Zin.
   146 | D        | Found a basalt altar of Yredelemnul.
   146 | D        | Found a shimmering altar of Xom.
   146 | D        | Found an ornate altar of the Wu Jian Council.
   146 | D        | Found a sacrificial altar of Ru.
   146 | D        | Found a stormy altar of Qazlal.
   146 | D        | Found an iron altar of Okawaru.
   146 | D        | Found a sparkling altar of Nemelex Xobeh.
   146 | D        | Found a burning altar of Makhleb.
   146 | D        | Found a blossoming altar of Fedhas.
   146 | D        | Found a white marble altar of Elyvilon.
   146 | D        | Found a shadowy altar of Dithmenos.
   146 | D        | Found a snail-covered altar of Cheibriados.
   148 | D        | Found a radiant altar of Vehumet.
   148 | D        | Found a corrupted altar of Lugonu.
   149 | D        | Found a hide-covered altar of Uskayaw.
   149 | D        | Found an ancient bone altar of Kikubaaqudgha.
   149 | D        | Found a broken altar of Ashenzari.
   178 | D        | Became a worshipper of Makhleb the Destroyer
   178 | D        | Reached * piety under Makhleb
   178 | D        | Reached ** piety under Makhleb
   242 | D        | Noticed a wolf
   242 | D        | Noticed a crimson imp
   244 | D        | Noticed a kobold brigand
   258 | D        | Splashed by a jelly's acid

Illustrated notes

Levels and vault maps discovered:
D:        pitsprint [storerooms_1, entrance_room_1, metal_vault_3, armoury_1,
          mini_pit_1, grid_room_1, main_hall_1, silver_pit, the_coven_3,
          the_vestibule_1, steel_vault_2, golden_pit, hallway_of_sentries,
          crystal_vault_4, iron_vault_4, final_vault]

Skill      XL: |  1 |
---------------+----+-----
Fighting       | 4 |  4.6
Long Blades    | 4 |  4.6
Dodging        | 4 |  4.0
Stealth        | |  1.8

Action                     || total
---------------------------++-------
  Melee: Falchion          ||     8
         Headbutt          ||     1
   Stab: Sleeping          ||     1
 Armour: Robe              ||     1
  Dodge: Dodged            ||     2

Table legend: (Time is in decaauts)
 A = Elapsed time spent in this place.
 B = Non-inter-level travel time spent in this place.
 C = Inter-level travel time spent in this place.
 D = Time resting spent in this place.
 E = Time spent auto-exploring this place.
 F = Levels seen in this place.
 G = Mean time per level.
                   A        B        C        D        E       F      G
               +--------+--------+--------+--------+--------+-----+--------+
         Total |    258 |    258 |      0 |    101 |      0 |   1 |  258.0 |
       Dungeon |    258 |    258 |      0 |    101 |      0 |   1 |  258.0 |
               +--------+--------+--------+--------+--------+-----+--------+

Top non-repeatable levels by time:
       D: 258 daAuts
